 Dungeon Crawl Stone Soup version 0.29.1-1-gd02db6906a (webtiles) character file.

Game seed: 16325975031940229145

21037 LustLizard the Grappler (level 12, -9/123 HPs)
             Began as a Troll Fighter on Sept 21, 2022.
             Was an Elder of Wu Jian.
             Mangled by a six-headed hydra (11 damage)
             ... on level 2 of the Lair of Beasts.
             The game lasted 00:23:58 (11160 turns).

LustLizard the Grappler (Troll Fighter)            Turns: 11160, Time: 00:23:59

Health: -9/123     AC: 15    Str: 27    XL:     12   Next: 50%
Magic:  11/11      EV:  9    Int: 11    God:    Wu Jian [****..]
Gold:   950        SH: 10    Dex:  5    Spells: 11/11 levels left

rFire   . . .      SeeInvis .   M - +8 mace (protect)
rCold   . . .      Faith    .   b - +1 kite shield
rNeg    . . .      Spirit   .   Q - +0 troll leather armour
rPois   +          Reflect  .   j - +2 hat "Gyenoimm" {Stlth+}
rElec   .          Harm     .   r - scarf {shadows}
rCorr   +          Rampage  .   (gloves unavailable)
Will    .....                   (boots unavailable)
Stlth   ++........              h - amulet of the acrobat
HPRegen 1.90/turn               D - ring of resist corrosion
MPRegen 0.12/turn               F - ring "Dilig" {rPois Int+3 Dex-4}

@: under a protective aura
A: large, unfitting armour, claws 3, regeneration 1, shaggy fur 1, tough skin 1
a: Renounce Religion, Wall Jump, Serpent's Lash


You were on level 2 of the Lair of Beasts.
You worshipped Wu Jian.
Wu Jian was greatly pleased with you.
You visited 3 branches of the dungeon, and saw 14 of its levels.

You collected 950 gold pieces.

Inventory:

Hand Weapons
 M - a +8 mace of protection (weapon)
Missiles
 f - 135 stones
 g - 41 poisoned darts
 o - 5 throwing nets
 v - 5 curare-tipped darts
Armour
 b - a +1 kite shield (worn)
 c - the +3 hat of Pondering {ponderous, Will+ MP+10 Int+5}
   (You took it off Gastronok on level 8 of the Dungeon)

   Int:       It affects your intelligence (+5).
   MP:        It affects your magic capacity (+10).
   Will:      It increases your willpower.
 j - the +2 hat "Gyenoimm" (worn) {Stlth+}
   (You acquired it on level 4 of the Dungeon)

   Stlth:     It makes you more stealthy.
 r - a scarf of shadows (worn)
 Q - a +0 troll leather armour (worn)
Jewellery
 a - a ring of protection from fire
 h - an amulet of the acrobat (around neck)
 D - a ring of resist corrosion (left claw)
 F - the ring "Dilig" (right claw) {rPois Int+3 Dex-4}
   (You found it on level 8 of the Dungeon)

   [ring of poison resistance]

   Int:       It affects your intelligence (+3).
   Dex:       It affects your dexterity (-4).
   rPois:     It protects you from poison.
 G - a +6 ring of intelligence
 K - a ring of willpower
Wands
 l - a wand of polymorph (26)
 m - a wand of digging (17)
 q - a wand of quicksilver (5)
 I - a wand of flame (5) (quivered)
 R - a wand of charming (1)
 V - a wand of roots (2)
Scrolls
 t - 4 scrolls of fear
 u - a scroll of vulnerability
 x - 3 scrolls of blinking
 y - 2 scrolls of enchant armour
 E - a scroll of magic mapping
 H - a scroll of fog
 L - a scroll of teleportation
Potions
 d - 2 potions of berserk rage
 e - 8 potions of curing
 i - 3 potions of haste
 k - a potion of cancellation {unknown}
 n - 3 potions of magic {unknown}
 p - 2 potions of mutation {unknown}
 s - 4 potions of attraction
 w - 2 potions of flight {unknown}
 z - a potion of brilliance {unknown}
 A - 8 potions of heal wounds
 C - 2 potions of lignification {unknown}
 J - a potion of might
 W - a potion of invisibility {unknown}
Miscellaneous
 N - a piece from Xom's chessboard (15/15)
 O - a phantom mirror


   Skills:
 + Level 9.0 Fighting
 + Level 5.0 Dodging
 + Level 9.9 Shields
 * Level 14.5 Unarmed Combat


You had 11 spell levels left.
You didn't know any spells.
Your spell library contained the following spells:

 Spells                   Type           Power      Damage    Failure   Level
 Magic Dart               Conj           0%         1d3       58%         1
 Necrotise                Necr           0%         1d4       58%         1
 Summon Small Mammal      Summ           0%         N/A       58%         1
 Blink                    Tloc           0%         N/A       75%         2
 Poisonous Vapours        Pois/Air       0%         N/A       75%         2
 Searing Ray              Conj           0%         2d4       75%         2
 Call Canine Familiar     Summ           0%         N/A       92%         3
 Gell's Gravitas          Tloc           0%         N/A       92%         3
 Lesser Beckoning         Tloc           0%         N/A       92%         3
 Portal Projectile        Hex/Tloc       0%         N/A       92%         3
 Stone Arrow              Conj/Erth      0%         3d7       92%         3
 Summon Guardian Golem    Hex/Summ       0%         N/A       92%         3
 Teleport Other           Tloc           0%         N/A       92%         3
 Tukima's Dance           Hex            0%         N/A       92%         3
 Corpse Rot               Necr/Pois/Air  0%         N/A       100%        4
 Fulminant Prism          Conj/Hex       0%         3d6       100%        4
 Leda's Liquefaction      Hex/Erth       0%         N/A       100%        4
 Blade Hands              Tmut           0%         N/A       100%        5
 Manifold Assault         Tloc           0%         N/A       100%        5
 Orb of Destruction       Conj           0%         9d5       100%        7
 Spellforged Servitor     Conj/Summ      0%         N/A       100%        7
 Storm Form               Tmut/Air       0%         N/A       100%        7
 Death's Door             Necr           0%         N/A       100%        9


Dungeon Overview and Level Annotations

Branches:
Dungeon (11/15)            Temple (1/1) D:6            Lair (2/5) D:9
    Orc (0/2) D:9
  Swamp: Lair:2-3    Shoals: Lair:2-3     Snake: Lair:2-3    Spider: Lair:2-3

Altars:
Ashenzari
Cheibriados
Fedhas
Hepliaklqana
Kikubaaqudgha
Nemelex Xobeh
Sif Muna
Uskayaw
Wu Jian
Xom
The Shining One


Innate Abilities, Weirdness & Mutations

You are too large for most types of armour.
You have claws for hands.
Your natural rate of healing is unusually fast.
You are covered in fur. (AC +1)
You have tough skin. (AC +1)


Message History

You block the six-headed hydra's attack. x2
The six-headed hydra bites you but does no damage.
The six-headed hydra bites you!
The six-headed hydra completely misses you.
The six-headed hydra bites you! The six-headed hydra barely misses you.
The six-headed hydra bites you. x2
The six-headed hydra bites you but does no damage.
You sock the six-headed hydra!
The six-headed hydra is moderately wounded.
The six-headed hydra bites you. The six-headed hydra bites you!
The six-headed hydra barely misses you. The six-headed hydra bites you.
The six-headed hydra bites you but does no damage. x2
You barely miss the six-headed hydra.
The six-headed hydra is moderately wounded.
You block the six-headed hydra's attack. x2
The six-headed hydra barely misses you. x2
You block the six-headed hydra's attack.
The six-headed hydra bites you. x2; The six-headed hydra bites you! x2
The six-headed hydra closely misses you.
The six-headed hydra bites you.
You block the six-headed hydra's attack.
You sock the six-headed hydra!
The six-headed hydra is heavily wounded.
You block the six-headed hydra's attack.
The six-headed hydra bites you but does no damage. x2
The six-headed hydra bites you! x2
* * * LOW HITPOINT WARNING * * *
The six-headed hydra bites you but does no damage.
You thump the six-headed hydra!
The six-headed hydra is severely wounded.
You block the six-headed hydra's attack.
The six-headed hydra bites you!
* * * LOW HITPOINT WARNING * * *
The six-headed hydra bites you!
* * * LOW HITPOINT WARNING * * *
The six-headed hydra bites you!
* * * LOW HITPOINT WARNING * * *
The six-headed hydra closely misses you.
The six-headed hydra bites you!
You die...

..........###
............
.....[....##
...........#
....?......##
.............#
.............#
............†.#
.......D@.....#
............###
............#
..........### ########
........#.# ###....#.#
..P....#### ##........#
#.....#.#####.........#
.###....#.##..........#
###....<.>.........#


You could see a six-headed hydra.

Vanquished Creatures
  Gastronok (D:8)
  3 boulder beetles (D:11)
  3 two-headed ogres
  Lodul (D:10)
  Pikel (D:6)
  3 elephants (Lair:1)
  A manticore (D:11)
  A black mamba (Lair:1)
  A cane toad (Lair:1)
  An unseen horror (D:11)
  2 rime drakes (Lair:1)
  2 komodo dragons
  2 trolls
  2 hornets
  A slime creature (D:8)
  2 vampires
  Sigmund (D:3)
  A wyvern (D:9)
  27 yaks
  2 steam dragons
  7 water moccasins
  2 black bears
  An orc warrior (D:9)
  8 ogres
  An ice beast (D:6)
  A centaur (D:10)
  3 wolves (Lair:1)
  2 phantoms
  4 kobold brigands
  6 bullfrogs
  3 scorpions
  4 gnoll sergeants
  21 wights
  15 killer bees
  4 howler monkeys (D:10)
  A jelly (D:6)
  2 hounds (D:3)
  3 gnoll boudas
  4 orc priests
  Jessica (D:2)
  4 iguanas
  10 orc wizards
  A mummy (D:7)
  Robin (D:3)
  37 gnolls
  9 adders
  A shadow imp (D:5)
  An adder skeleton (D:2)
  3 adder zombies (D:2)
  A worm (D:2)
  3 dart slugs
  49 orcs
  15 ball pythons
  A bat skeleton (D:2)
  2 bat zombies (D:2)
  6 endoplasms
  4 giant cockroaches
  16 goblins
  8 hobgoblins
  18 jackals
  A quokka (D:1)
  A ball python skeleton (D:2)
  6 bats
  4 frilled lizards
  A giant cockroach zombie (D:2)
  19 kobolds
  A quokka skeleton (D:2)
  A quokka zombie (D:2)
  6 rats
381 creatures vanquished.

Vanquished Creatures (others)
  7 fungi
  3 plants (Lair:2)
  A withered plant (D:2)
11 creatures vanquished.

Grand Total: 392 creatures vanquished

Notes
Turn   | Place    | Note
-------+----------+-------------------------------------------
     0 | D:1      | LustLizard the Troll Fighter began the quest for the Orb.
     0 | D:1      | Reached XP level 1. HP: 22/22 MP: 0/0
   105 | D:1      | Reached XP level 2. HP: 29/29 MP: 1/1
   360 | D:1      | Reached XP level 3. HP: 34/36 MP: 2/2
   406 | D:2      | Found a hazy altar of Hepliaklqana.
   431 | D:2      | Reached skill level 3 in Unarmed Combat
   462 | D:2      | Noticed Jessica
   479 | D:2      | Killed Jessica
   480 | D:2      | Reached XP level 4. HP: 11/44 MP: 3/3
   713 | D:2      | Reached XP level 5. HP: 49/53 MP: 4/4
   720 | D:2      | Reached skill level 4 in Unarmed Combat
  1178 | D:3      | Noticed Robin
  1208 | D:3      | Killed Robin
  1501 | D:3      | Reached XP level 6. HP: 34/61 MP: 5/5
  1634 | D:3      | Reached skill level 5 in Unarmed Combat
  1810 | D:3      | Reached XP level 7. HP: 65/68 MP: 6/6
  2051 | D:3      | Found a faded altar of an unknown god.
  2065 | D:3      | Noticed Sigmund
  2075 | D:3      | Killed Sigmund
  2076 | D:3      | Reached skill level 6 in Unarmed Combat
  2116 | D:3      | You fall into a shaft and drop 1 floor!
  2121 | D:4      | Identified a scroll of acquirement
  2121 | D:4      | Acquired the +2 hat "Gyenoimm" {Stlth+}
  3090 | D:5      | Entered Level 5 of the Dungeon
  3147 | D:5      | Reached XP level 8. HP: 53/79 MP: 7/7
  3188 | D:5      | Reached skill level 5 in Shields
  3188 | D:5      | Reached skill level 7 in Unarmed Combat
  3697 | D:5      | Found a hide-covered altar of Uskayaw.
  3925 | D:6      | Reached skill level 5 in Fighting
  4098 | D:6      | Reached skill level 8 in Unarmed Combat
  4609 | D:6      | Found a staircase to the Ecumenical Temple.
  4609 | D:6      | Noticed a hornet
  4618 | D:6      | Paralysed by a hornet for 2 turns
  4620 | D:6      | Killed a hornet
  4621 | D:6      | Reached XP level 9. HP: 41/88 MP: 8/8
  4643 | Temple   | Entered the Ecumenical Temple
  4650 | Temple   | Became a worshipper of the Wu Jian Council
  4686 | D:6      | Noticed Pikel
  4697 | D:6      | Killed Pikel
  4698 | D:6      | Reached skill level 9 in Unarmed Combat
  4924 | D:7      | Found a snail-covered altar of Cheibriados.
  5227 | D:7      | Found a sparkling altar of Nemelex Xobeh.
  5604 | D:8      | Reached * piety under Wu Jian
  5608 | D:8      | Reached skill level 10 in Unarmed Combat
  5930 | D:8      | Reached XP level 10. HP: 86/100 MP: 9/9
  6333 | D:8      | Noticed Gastronok
  6349 | D:8      | Killed Gastronok
  6350 | D:8      | Reached skill level 11 in Unarmed Combat
  6353 | D:8      | Reached ** piety under Wu Jian
  6438 | D:8      | Identified the ring "Dilig" {rPois Int+3 Dex-4}
  7016 | D:9      | Reached skill level 12 in Unarmed Combat
  7361 | D:9      | Noticed a two-headed ogre
  7377 | D:9      | HP: 4/102 [two-headed ogre/+0 giant club (13)]
  7378 | D:9      | Killed a two-headed ogre
  7379 | D:9      | Reached XP level 11. HP: 6/110 MP: 10/10
  7526 | D:9      | Found a staircase to the Lair.
  7581 | D:9      | Found a staircase to the Orcish Mines.
  7785 | D:9      | Reached *** piety under Wu Jian
  8003 | D:10     | Entered Level 10 of the Dungeon
  8010 | D:10     | Got Yclieckiss's Book of Rocky Death
  8047 | D:10     | Noticed a two-headed ogre
  8054 | D:10     | Killed a two-headed ogre
  8126 | D:10     | Noticed Lodul
  8534 | D:10     | Reached skill level 13 in Unarmed Combat
  8821 | D:10     | Killed Lodul
  9015 | D:11     | Noticed a two-headed ogre
  9022 | D:11     | Killed a two-headed ogre
  9135 | D:11     | Reached **** piety under Wu Jian
  9187 | D:11     | Noticed a boulder beetle
  9211 | D:11     | Killed a boulder beetle
  9296 | D:11     | Noticed a boulder beetle
  9313 | D:11     | Killed a boulder beetle
  9314 | D:11     | Reached XP level 12. HP: 122/122 MP: 11/11
  9320 | D:11     | Found the amulet of Elemental Vulnerability {rPois rF--
                  | rC-- AC+8}
  9512 | D:11     | Noticed a boulder beetle
  9524 | D:11     | Killed a boulder beetle
  9895 | Lair:1   | Entered Level 1 of the Lair of Beasts
  9920 | Lair:1   | Reached skill level 14 in Unarmed Combat
 10833 | Lair:2   | Noticed a six-headed hydra
 10856 | Lair:1   | Reached skill level 5 in Dodging
 11148 | Lair:2   | Noticed a six-headed hydra
 11160 | Lair:2   | HP: 2/123 [six-headed hydra (11)]
 11160 | Lair:2   | Mangled by a six-headed hydra

Illustrated notes

Levels and vault maps discovered:
D:1:      eino_arrival_water_star, layout_rooms
D:2:      minmay_recursive_quarters, layout_rooms, serial_undead,
          serial_undead_e, serial_undead_b, serial_undead_d, serial_undead_d,
          serial_undead_d, serial_undead_a, serial_undead_a, serial_undead_b,
          serial_undead_f, serial_undead_e, basic_altar, minmay_cupped,
          uniq_jessica
D:3:      lemuel_castle_with_subvaults [lemuel_castle_interior_carwin_3],
          layout_basic, ebering_ecumenical_altar_petrified, uniq_robin,
          uniq_sigmund
D:4:      wander_river, layout_loops_ring
D:5:      layout_loops_ring, eat_drink_and_be_merry_uskayaw
D:6:      layout_loops_corners, minmay_temple_entry_junction_2, uniq_pikel
D:7:      layout_basic, chei_slow_surprise, mainiacjoe_overflow_surrounded_room
D:8:      layout_loops_corners, kennysheep_just_a_vault, uniq_gastronok
D:9:      layout_cave_pools, lair_entry_dummy, david_orc_2, serial_rivers,
          chequers_serial_rivers_small_a, chequers_serial_rivers_room_b,
          chequers_serial_rivers_micro_e, chequers_serial_rivers_large_b,
          chequers_serial_rivers_large_a, chequers_serial_rivers_small_a
D:10:     layout_cross, grunt_decor_one_mirror, uniq_lodul
D:11:     layout_irregular_city
Temple:   compressed_dpeg_triangle_lava_temple
Lair:1:   layout_loops_ring, st_stairs_12
Lair:2:   layout_cave_pods, minmay_shoals_entry_lonely_mermaid,
          grunt_megastairs_1

Skill      XL: |  1  2  3  4  5  6  7  8  9 10 11 12 |
---------------+-------------------------------------+-----
Shields        | 3 4 6 7 8 9 |  9.9
Unarmed Combat | 3 4 5 6 8 10 12 13 14 | 14.5
Fighting       | 3 4 5 6 7 8 9 |  9.0
Dodging        | 4 5 |  5.0

Action                   |  1- 3 |  4- 6 |  7- 9 | 10-12 || total
-------------------------+-------+-------+-------+-------++-------
Melee: Unarmed           |    94 |   278 |   338 |   477 ||  1187
       Mace              |       |       |       |     6 ||     6
Throw: Dart              |       |       |       |    36 ||    36
Invok: Lunge             |       |       |     9 |    33 ||    42
       Whirlwind         |       |       |       |    24 ||    24
Evoke: Wand              |       |       |       |     2 ||     2
  Use: Scroll            |     2 |     2 |     7 |    10 ||    21
       Potion            |       |       |     2 |     1 ||     3
 Stab: Sleeping          |       |       |     5 |     2 ||     7
       Distracted        |       |       |     2 |       ||     2
Armor: Robe              |    30 |    76 |    61 |    31 ||   198
       Steam dragon scal |       |       |       |    31 ||    31
       Troll leather arm |       |       |       |    70 ||    70
Dodge: Dodged            |    43 |   130 |   119 |   171 ||   463
Block: Kite shield       |    30 |   117 |   118 |   188 ||   453
